 Dungeon Crawl Stone Soup version 0.31-a0-859-g9dce7d3444 (webtiles) character file.

Game seed: 533619857991028612

6 Azuregosa the Sneak (level 1, 0/16 HPs)
             Began as an Octopode Delver on Oct 9, 2023.
             Succumbed to a kobold's poison
             ... on level 3 of the Dungeon.
             The game lasted 00:02:10 (139 turns).

Azuregosa the Sneak (Octopode Delver)                Turns: 139, Time: 00:02:11

Health: 0/16       AC:  1    Str: 11    XL:     1   Next: 90%
Magic:  1/1        EV: 13    Int: 12    God:
Gold:   0          SH:  0    Dex: 13    Spells: 0/0 levels left

rFire   . . .        a - +0 falchion
rCold   . . .        (no shield)
rNeg    . . .        (helmet restricted)
rPois   .            (no amulet)
rElec   .            (no ring)
rCorr   .            (no ring)
SInv    .            (no ring)
Will    .....        (no ring)
Stlth   ++++         (no ring)
HPRegen 0.22/turn    (no ring)
MPRegen 0.07/turn    (no ring)
                     (no ring)

%: no passive effects
@: lethally poisoned (0 -> -18)
A: almost no armour, amphibious, 8 rings, camouflage 1, gelatinous body 1,
(nimble swimmer 1), tentacles
a: no special abilities


You were on level 3 of the Dungeon.
You visited 1 branch of the dungeon, and saw 3 of its levels.

Inventory:

Hand Weapons
 a - a +0 falchion (weapon)
Wands
 f - a wand of digging (3)
 g - a wand of roots (6)
Scrolls
 b - a scroll of fog
 c - a scroll of revelation
 d - a scroll of fear
 h - a scroll of poison {unknown}
 i - a scroll of identify {unknown}
Potions
 e - a potion of haste


   Skills:
 + Level 3.1 Fighting
 + Level 2.1 Long Blades
 + Level 2.1 Dodging
 + Level 6.7 Stealth


You couldn't memorise any spells.
You didn't know any spells.
Your spell library was empty.

Dungeon Overview and Level Annotations

Branches:
Dungeon (5/15)
 Temple: D:4-7

Altars:

Annotations:
D:3 Ijyb, Natasha


Innate Abilities, Weirdness & Mutations

You cannot wear most types of armour.
You are amphibious.
You can wear up to eight rings at the same time.
Your skin changes colour to match your surroundings (Stealth+).
Your rubbery body absorbs attacks. (AC +1, EV +1)
((You are camouflaged when in or above water. (Stealth+)))
You have tentacles for arms and can constrict up to eight enemies at once.


Message History

You miss the bat. Your grab misses the bat. The bat barely misses you.
You hit the bat. Your grab misses the bat.
The bat is severely wounded.
The bat closely misses you. The bat closely misses you. x2
The bat attacks as it pursues you! The bat misses you. x2
The bat hits you.
You see here a scroll labelled MANOZA SUUMM.
h - a scroll labelled MANOZA SUUMM The bat closely misses you.
You barely miss the bat. You grab the bat. You squeeze the bat.
You kill the bat!
Ijyb the Twisted Goblin comes into view.
She is wielding a +0 club and carrying a wand of paralysis.
Found a sling.
You open the door.
There is an open door here.
Found a scroll labelled RUNUXT ISUNOO.
i - a scroll labelled RUNUXT ISUNOO Natasha, Servant of Life and Death comes into view.
Found a glowing hand axe.
An orc comes into view. It is wielding a +0 falchion.
The orc shouts!
You hit the orc. Your grab misses the orc.
You squeeze the orc, but do no damage.
The orc is heavily wounded.
A kobold comes into view. It is wielding a +1 dagger of venom.
The orc hits you with a +0 falchion!
You hit the orc. Your grab misses the orc. You squeeze the orc.
You kill the orc!
Things that are here:
a +0 falchion; a +0 leather armour You barely miss the kobold.
You grab the kobold.
You constrict the kobold, but do no damage.
The kobold hits you with a +1 dagger of venom.
You are lethally poisoned!
The kobold hits you with a +1 dagger of venom.
You are more poisoned.
You slash the kobold!
You kill the kobold!
You die...

### #
###.################.###
........................
###.............@.......
# #..#######.####)##.###
..#..# #.# ...
#.#..#######.# .##..
.............. .. ##
###..#.#####.. .# #
#..#.#####..# .# #
#........ .# # #..#.####


There were no monsters in sight!

Vanquished Creatures
  An orc (D:3)
  3 kobolds
  2 bats (D:3)
  A rat (D:3)
7 creatures vanquished.

Notes
Turn   | Place    | Note
-------+----------+-------------------------------------------
     0 | D:5      | Azuregosa the Octopode Delver began the quest for the Orb.
     0 | D:5      | Reached XP level 1. HP: 16/16 MP: 1/1
     1 | D:5      | Noticed an iguana
    12 | D:5      | Noticed a jelly
    22 | D:4      | Noticed a scorpion
    25 | D:4      | Noticed a jelly
    83 | D:3      | Noticed Ijyb
   109 | D:3      | Noticed Natasha
   139 | D:3      | Succumbed to a kobold's poison

Illustrated notes

Levels and vault maps discovered:
D:3:      layout_basic, chequers_temple_overflow_minitemple,
          uniq_crazy_yiuf_cottage, uniq_ijyb, uniq_natasha
D:4:      layout_rooms, minmay_temple_entry_tees,
          nicolae_elevator_lobby_asterisk
D:5:      kennysheep_windowed_halls, layout_basic, serial_curves,
          eino_curves_02, eino_curves_02

Action                     || total
---------------------------++-------
  Melee: Falchion          ||    13
         Tentacles         ||     5
         Constrict         ||     4
  Evoke: Wand              ||     1
 Armour: Skin              ||     7
  Dodge: Dodged            ||    17

Table legend: (Time is in decaauts)
 A = Elapsed time spent in this place.
 B = Non-inter-level travel time spent in this place.
 C = Inter-level travel time spent in this place.
 D = Time resting spent in this place.
 E = Time spent auto-exploring this place.
 F = Levels seen in this place.
 G = Mean time per level.
                   A        B        C        D        E       F      G
               +--------+--------+--------+--------+--------+-----+--------+
         Total |    141 |    141 |      0 |      0 |     15 |   3 |   47.0 |
       Dungeon |    141 |    141 |      0 |      0 |     15 |   3 |   47.0 |
               +--------+--------+--------+--------+--------+-----+--------+

Top non-repeatable levels by time:
     D:3: 92 daAuts
     D:4: 34 daAuts
     D:5: 14 daAuts
